Map: Cyber Forest LE

Players

Jerry

  • Race: Protoss Protoss
  • League: Gold
  • Spawn Location: 5:00

SandboX - Winner!

  • Race: Zerg Zerg
  • League: Gold
  • Spawn Location: 11:00

VOD

Have the link to the VOD?

Description

Time

  • Played on: Aug. 14, 2019, 8:46 p.m.
  • Length: 13:39
Show
View Real Time Build Order
Export as new Build Order

Jerry Protoss 

Build Orders: Carriers 

Get SALT Encoding   

  12  0:10  Pylon  
  12  0:30  Forge  
  12  0:31  Probe  
  13  0:49  Pylon  
  13  1:10  Photon Cannon  
  13  1:12  Photon Cannon  
  13  1:20  Probe  
  13  1:24  Gateway  
  14  1:32  Probe  
  14  1:33  Assimilator  
  15  1:44  Probe  
  16  1:55  Assimilator  
  16  1:56  Probe  
  17  2:07  Probe  
  18  2:15  Probe  
  18  2:17  Cybernetics Core  
  19  2:23  Probe  
  19  2:28  Pylon  
  20  2:36  Zealot  
  22  2:48  Probe  
  23  3:00  Probe  
  24  3:09  Stargate  
  24  3:11  Stargate  
  24  3:19  Photon Cannon  
  24  3:47  Void Ray  
  28  4:09  Probe  
  29  4:11  Nexus  
  29  4:30  Pylon  
  29  4:38  Probe  
  30  4:46  Probe  
  30  4:48  Void Ray  
  35  4:53  Void Ray  
  39  5:01  Assimilator  
  39  5:05  Assimilator  
  39  5:23  Probe, Fleet Beacon  
  39  5:27  Probe  
  41  5:36  Probe  
  42  5:45  Void Ray  
  42  5:49  Probe x2  
  48  6:01  Probe x2  
  50  6:13  Probe x2  
  48  6:25  Probe x2  
  48  6:30  Carrier  
  48  6:48  Probe x2  
  50  7:00  Probe x2  
  52  7:03  Pylon  
  52  7:06  Pylon  
  52  7:13  Probe, Carrier  
  52  7:14  Probe  
  49  7:25  Probe  
  49  7:26  Carrier, Probe  
  56  7:37  Probe  
  56  7:38  Probe  
  57  7:49  Probe  
  57  7:50  Probe  
  59  8:07  Probe x2, Pylon  
  59  8:09  Carrier  
  61  8:19  Probe x2  
  69  8:31  Probe x2  
  71  8:35  Photon Cannon  
  71  8:38  Photon Cannon  
  71  8:43  Probe x2  
  73  8:55  Probe x2  
  75  9:04  Pylon  
  75  9:09  Pylon  
  75  9:22  Carrier, Nexus  
  81  9:26  Assimilator  
  81  9:29  Assimilator  
  81  9:30  Probe x2  
  83  9:42  Probe x2  
  85  9:54  Probe x2  
  87  10:06  Probe x2  
  83  10:37  Carrier x2  
  83  10:57  Stargate  
  83  10:59  Stargate  
  83  11:09  Probe x3  
  86  11:21  Probe x3  
  86  11:24  Protoss Air Weapons Level 1  
  89  11:35  Probe x3  
  92  11:40  Carrier x2  
  105  11:47  Probe x3  
Show
View Real Time Build Order
Export as new Build Order

SandboX Zerg - Winner!

Build Orders: Pool First 

Get SALT Encoding   

  12  0:03  Drone  
  13  0:12  Overlord  
  13  0:20  Drone  
  14  0:31  Drone x2  
  16  0:37  Drone  
  17  1:03  Spawning Pool, Extractor  
  15  1:21  Hatchery  
  14  1:36  Drone x3  
  17  1:49  Zergling x2  
  18  1:59  Zergling x2, Queen  
  21  2:05  Metabolic Boost  
  21  2:16  Zergling x2  
  22  2:24  Overlord  
  22  2:32  Queen  
  22  2:35  Drone x2  
  26  2:50  Zergling x4  
  26  2:51  Extractor  
  27  3:01  Zergling x4  
  29  3:10  Zergling x2  
  29  3:11  Zergling x2  
  30  3:29  Zergling x10  
  35  3:37  Overlord x3  
  35  3:53  Zergling x2  
  36  3:58  Zergling x10  
  36  4:26  Drone x3  
  36  4:27  Drone x5  
  44  4:42  Baneling Nest  
  43  4:56  Drone x6  
  48  5:13  Spore Crawler  
  47  5:14  Spore Crawler  
  47  5:17  Spore Crawler  
  47  5:19  Lair  
  47  5:20  Spore Crawler  
  44  5:30  Drone x6  
  50  5:50  Hatchery  
  49  5:58  Queen  
  49  6:43  Spore Crawler  
  49  6:46  Spore Crawler  
  47  6:50  Spore Crawler  
  47  6:52  Drone x5  
  47  6:53  Spore Crawler  
  50  6:54  Overlord x4  
  50  7:05  Hatchery  
  49  7:10  Queen x3  
  50  7:45  Hydralisk Den  
  49  7:56  Drone x26  
  75  8:02  Extractor  
  75  8:05  Extractor  
  73  8:06  Extractor  
  72  8:39  Extractor  
  71  8:42  Extractor  
  71  8:46  Hydralisk x12  
  94  8:57  Spore Crawler  
  94  9:00  Spore Crawler  
  94  9:02  Drone x2, Spore Crawler  
  93  9:03  Drone x2  
  95  9:16  Spore Crawler  
  94  9:18  Overlord x8  
  94  9:19  Overlord  
  94  9:36  Spire  
  93  9:42  Hydralisk x7  
  107  9:55  Drone x6  
  107  9:56  Drone  
  114  10:19  Hatchery  
  113  10:24  Hydralisk x3  
  113  10:25  Hydralisk x7  
  123  10:44  Hydralisk x5  
  133  11:17  Overlord  
  133  11:18  Corruptor x4  
  141  11:39  Drone x6  
  147  11:42  Zergling x32  
  150  12:01  Lair, Overlord, Corruptor  
  146  12:02  Corruptor x4  
  156  12:18  Extractor  
  156  12:20  Extractor  
  151  12:41  Overlord x9  
  143  12:47  Overlord, Corruptor  
  143  12:48  Corruptor x5  
  146  13:08  Corruptor  
  146  13:09  Corruptor x3  
Tags
 
Composition
Carriers
League
GoldGold
Matchup
PvZ
Opening
Pool First
Spawn Locations
Cross Positions
Add a new tag
Caveats
  • Supply blocks, unpowered buildings, or Contaminate may cause inaccurate times.
  • Supply counts are checked every 10 seconds.